 Dungeon Crawl Stone Soup version 0.26-a0-466-g989023bd0d (webtiles) character file.

Game seed: 13770947452357718959

17 Apogee the Covered (level 2, 17/27 HPs)
             Began as a Deep Dwarf Fighter on Aug 1, 2020.
             Quit the game on level 1 of the Dungeon.
             The game lasted 00:00:38 (288 turns).

Apogee the Covered (Deep Dwarf Fighter)              Turns: 288, Time: 00:00:39

Health: 17/27      AC:  6    Str: 19    XL:     2   Next: 44%
Magic:  2/2        EV:  7    Int:  8    God:
Gold:   24         SH:  9    Dex: 12    Spells: 1/1 levels left

rFire    . . .     SeeInvis .   f - -3 hand axe (curse)
rCold    . . .     Faith    .   c - +0 kite shield
rNeg     . . .     Spirit   .   b - +0 scale mail
rPois    .         Reflect  .   (no helmet)
rElec    .         Harm     .   (no cloak)
rCorr    .                      (no gloves)
MR       .....                  (no boots)
Stlth    ..........             (no amulet)
HPRegen  0.00/turn              (no ring)
MPRegen  0.08/turn              (no ring)

@: non-regenerating
A: damage resistance, heal wounds, sense surroundings 1, no regeneration
a: Heal Wounds


You were on level 1 of the Dungeon.
You visited 1 branch of the dungeon, and saw 1 of its levels.

You collected 24 gold pieces.

Inventory:

Hand Weapons
 a - a +0 war axe
 f - a cursed -3 hand axe (weapon)
   (You found it on level 1 of the Dungeon)
Armour
 b - a +0 scale mail (worn)
 c - a +0 kite shield (worn)
Potions
 d - a potion of might


   Skills:
 + Level 2.8 Fighting
 * Level 2.7 Axes
 + Level 3.5 Armour
 + Level 3.5 Shields


You had one spell level left.
You didn't know any spells.
Your spell library was empty.

Dungeon Overview and Level Annotations

Branches:
Dungeon (1/15)

Altars:


Innate Abilities, Weirdness & Mutations

You are resistant to damage.
You can heal yourself by infusing magical energy.
You passively map a small area around you.
You do not regenerate.


Message History

Found 19 bolts.
Found 6 boomerangs.
You see here 19 bolts.
Found 13 gold pieces.
No target in view!
Found a leather armour.
Found a glowing hand axe.
A bat comes into view.
You see here 13 gold pieces.
You block the bat's attack. The bat hits you but does no damage.
You barely miss the bat. You block the bat's attack.
A bat is nearby!
A bat is nearby!
The bat hits you but does no damage.
You slash the bat!
You kill the bat!
No target in view!
You now have 24 gold pieces (gained 13).
You see here a leather armour.
You see here a glowing hand axe.
A dart slug comes into view.
A dart slug is nearby!
A dart slug is nearby!
A dart slug is nearby!
The dart slug bites you but does no damage.
You slash the dart slug! The dart slug barely misses you.
You slash the dart slug!
You kill the dart slug!
No target in view!
No target in view!
No target in view!
No target in view!
No target in view!
No target in view!
You see here a glowing hand axe.
f - a glowing hand axe It sticks to your hand!
f - a cursed -3 hand axe (weapon)
Unknown command.
As you read the scroll labeled WYNKEPTYESK, it crumbles to dust.
The air around you briefly surges with heat, but it dissipates.
It was a scroll of immolation.
You see here a leather armour.
A hobgoblin comes into view.
The hobgoblin shouts!
Found a stone staircase leading down.
A hobgoblin is nearby!
A hobgoblin is nearby!
A hobgoblin is nearby!
Okay, then.

#.##(.....#.###..#########.##
............................#
#.##.#.##.####...#########..#
#[##.............# #..#
#.####.##.####.#[# #..#
#......#..(. #.#.# ####..##
########..#.##.#.# #......# #
#..#.##†#.# #.###.##
########..#.##.#@# ** #.# #.#
.............g......>##.# #.#
.######...#....########.# #.#
.######...###### #.# #.#
.............. , #.# #.#
.#####...#### ** , #.###.#
.#####...# ,, #.....#
.#...†)).#### * ** #######
.#.###......#########


You could see a hobgoblin.

Vanquished Creatures
  A dart slug (D:1)
  A bat (D:1)
  4 goblins (D:1)
  A hobgoblin (D:1)
  4 jackals (D:1)
  A rat (D:1)
12 creatures vanquished.

Vanquished Creatures (others)
  21 toadstools (D:1)
21 creatures vanquished.

Grand Total: 33 creatures vanquished

Notes
Turn   | Place    | Note
-------+----------+-------------------------------------------
     0 | D:1      | Apogee the Deep Dwarf Fighter began the quest for the Orb.
     0 | D:1      | Reached XP level 1. HP: 20/20 MP: 1/1
    73 | D:1      | Reached XP level 2. HP: 21/27 MP: 2/2
   288 | D:1      | Quit the game

Illustrated notes

Levels and vault maps discovered:
D:1:      nagdon_arrival_zigzag_paths, layout_basic, minmay_unequal

Action                   || total
-------------------------++-------
Melee: War axe           ||    26
  Use: Scroll            ||     1
Armor: Scale mail        ||    21
Dodge: Dodged            ||     5
Block: Kite shield       ||    11

Table legend: (Time is in decaauts)
 A = Elapsed time spent in this place.
 B = Non-inter-level travel time spent in this place.
 C = Inter-level travel time spent in this place.
 D = Time resting spent in this place.
 E = Time spent auto-exploring this place.
 F = Levels seen in this place.
 G = Mean time per level.
                   A        B        C        D        E       F      G
               +--------+--------+--------+--------+--------+-----+--------+
         Total |    299 |    299 |      0 |      0 |    223 |   1 |  299.0 |
       Dungeon |    299 |    299 |      0 |      0 |    223 |   1 |  299.0 |
               +--------+--------+--------+--------+--------+-----+--------+

Top non-repeatable levels by time:
     D:1: 299 daAuts
